 Dungeon Crawl Stone Soup version 0.30-a0-723-gc1506a1cf0 (webtiles) character file.

Game seed: 11007942965379490962

24 Leeroy the Grasshopper (level 3, 0/31 HPs)
             Began as a Gnoll Warper on Jan 28, 2023.
             Succumbed to an adder's poison
             ... on level 1 of the Dungeon.
             The game lasted 00:00:51 (722 turns).

Leeroy the Grasshopper (Gnoll Warper)                Turns: 722, Time: 00:00:52

Health: 0/31       AC:  3    Str: 10    XL:     3   Next: 2%
Magic:  9/9        EV: 13    Int: 12    God:
Gold:   55         SH:  0    Dex: 13    Spells: 10/12 levels left

rFire   + . .      SeeInvis .    a - +0 falchion
rCold   + . .      Faith    .    (no shield)
rNeg    . . .      Spirit   .    b - +0 leather armour
rPois   .          Reflect  .    (no helmet)
rElec   .          Harm     .    j - scarf {rC+ rF+}
rCorr   .          Rampage  .    (no gloves)
Will    .....                    (no boots)
Stlth   +                        (no amulet)
HPRegen 0.25/turn                (no ring)
MPRegen 0.11/turn                (no ring)

@: lethally poisoned (0 -> -9)
A: fangs 1, strong nose, distributed training
a: no special abilities


You were on level 1 of the Dungeon.
You visited 1 branch of the dungeon, and saw 2 of its levels.

You collected 55 gold pieces.

Inventory:

Hand Weapons
 a - a +0 falchion (weapon)
Missiles
 d - 6 boomerangs of dispersal (quivered)
Armour
 b - a +0 leather armour (worn)
 j - a scarf of resistance (worn)
Scrolls
 c - a scroll of blinking
 k - a scroll of fog {unknown}
Potions
 e - a potion of might {unknown}
 f - a potion of haste {unknown}
 g - a potion of curing {unknown}
 h - a potion of flight {unknown}
 i - a potion of brilliance {unknown}
 l - a potion of heal wounds {unknown}


   Skills:
 + Level 4.5 Fighting
 + Level 0.6 Short Blades
 + Level 4.5 Long Blades
 + Level 0.6 Axes
 + Level 0.6 Maces & Flails
 + Level 0.6 Polearms
 + Level 0.6 Staves
 + Level 0.6 Ranged Weapons
 + Level 2.5 Throwing
 + Level 2.5 Armour
 + Level 4.5 Dodging
 + Level 0.6 Stealth
 + Level 0.6 Shields
 + Level 0.6 Unarmed Combat
 + Level 5.0 Spellcasting
 + Level 0.4 Conjurations
 + Level 0.4 Hexes
 + Level 0.4 Summonings
 + Level 0.4 Necromancy
 + Level 5.4 Translocations
 + Level 0.4 Transmutations
 + Level 0.4 Fire Magic
 + Level 0.4 Ice Magic
 + Level 0.4 Air Magic
 + Level 0.4 Earth Magic
 + Level 0.4 Poison Magic
 + Level 0.8 Invocations
 + Level 0.6 Evocations


You had 10 spell levels left.
You knew the following spells:

 Your Spells              Type           Power      Damage    Failure   Level
a - Blink                 Tloc           30%        N/A       4%          2

Your spell library contained the following spells:

 Spells                   Type           Power      Damage    Failure   Level
 Lesser Beckoning         Tloc           30%        N/A       4%          2
 Teleport Other           Tloc           15%        N/A       9%          3
 Vhi's Electric Charge    Tloc/Air       20%        N/A       24%         3
 Manifold Assault         Tloc           15%        N/A       28%         4
 Kindle Blastsparks       Fire/Tloc/Air  16%        2d11      32%         3
 Dazzling Flash           Conj/Hex       8%         N/A       54%         3
 Ignite Poison            Fire/Tmut/Pois 4%         N/A       54%         3
 Agony                    Necr           4%         N/A       99%         5
 Freezing Cloud           Conj/Ice/Air   2%         6-21      99%         5
 Silence                  Hex/Air        2%         N/A       99%         5


Dungeon Overview and Level Annotations

Branches:
Dungeon (2/15)

Altars:


Innate Abilities, Weirdness & Mutations

You have very sharp teeth.
Your uncanny sense of smell can sniff out nearby items.
Your experience applies equally to all skills.


Message History

The adder bites you but does no damage. The hobgoblin closely misses you.
The adder misses you.
You miss the adder.
The adder is heavily wounded.
The hobgoblin closely misses you. The adder bites you but does no damage.
You miss the adder.
The adder is heavily wounded.
The adder bites you.
The hobgoblin hits you but does no damage.
The adder closely misses you.
You barely miss the adder.
The adder is heavily wounded.
The adder barely misses you.
The hobgoblin hits you but does no damage.
The adder closely misses you. The adder bites you but does no damage.
You hit the adder but do no damage.
The adder is heavily wounded.
The adder closely misses you. The hobgoblin hits you.
The adder barely misses you. The adder bites you.
You are poisoned.
The adder poisons you!
You miss the adder. Your bite misses the adder.
The adder is heavily wounded.
You feel sick. The adder closely misses you. The hobgoblin hits you.
The adder barely misses you. The adder closely misses you.
You miss the adder. You bite the adder.
The adder is severely wounded.
You feel sick. The hobgoblin hits you. The adder bites you.
You are more poisoned.
The adder poisons you! The adder bites you.
* * * LOW HITPOINT WARNING * * *
You are more poisoned.
The adder poisons you! The dart slug closely misses you.
* * * LOW HITPOINT WARNING * * *
You feel very sick. The adder barely misses you.
The hobgoblin closely misses you. The adder barely misses you.
The adder bites you.
* * * LOW HITPOINT WARNING * * *
You climb upwards.
You die...

..# #....####.# ###
#....# #.## #####
#.)..# #..# ....#
#....# ##.# ....#
#....# #.# ....#
#....# #.# ....#
#....# #S# ....#
##.### #S# ....#
#..# #@#
#######.### #w# #
##.....# #g# #
##......######.##
#........><.....#
###.......#######.#
..#.........# #.#
#...........# #.#
###.........# #.#


You could see 2 adders, a dart slug and a hobgoblin.

Vanquished Creatures
  2 dart slugs (D:1)
  A ball python (D:1)
  2 bats (D:1)
  2 goblins (D:1)
  A hobgoblin (D:1)
  7 kobolds (D:1)
  2 quokkas (D:1)
  A frilled lizard (D:1)
  A rat (D:1)
19 creatures vanquished.

Notes
Turn   | Place    | Note
-------+----------+-------------------------------------------
     0 | D:1      | Leeroy the Gnoll Warper began the quest for the Orb.
     0 | D:1      | Reached XP level 1. HP: 20/20 MP: 6/6
   188 | D:1      | Reached XP level 2. HP: 26/26 MP: 7/7
   308 | D:1      | Learned a level 2 spell: Blink
   534 | D:1      | Reached skill level 5 in Spellcasting
   534 | D:1      | Reached XP level 3. HP: 31/31 MP: 7/9
   722 | D:1      | Succumbed to an adder's poison

Illustrated notes

Levels and vault maps discovered:
D:1:      dpeg_arrival_tiny_i, layout_rooms, hex_intersection, chequers_jeans,
          kennysheep_flooded_box
D:2:      layout_basic, uniq_crazy_yiuf_cottage, uniq_terence, uniq_natasha

Skill      XL: |  1  2 |
---------------+-------+-----
Spellcasting   | 5 |  5.0
Fighting       | |  4.5
Short Blades   | |  0.6
Long Blades    | |  4.5
Axes           | |  0.6
Maces & Flails | |  0.6
Polearms       | |  0.6
Staves         | |  0.6
Ranged Weapons | |  0.6
Throwing       | |  2.5
Armour         | |  2.5
Dodging        | |  4.5
Stealth        | |  0.6
Shields        | |  0.6
Unarmed Combat | |  0.6
Conjurations   | |  0.4
Hexes          | |  0.4
Summonings     | |  0.4
Necromancy     | |  0.4
Translocations | |  5.4
Transmutations | |  0.4
Fire Magic     | |  0.4
Ice Magic      | |  0.4
Air Magic      | |  0.4
Earth Magic    | |  0.4
Poison Magic   | |  0.4
Invocations    | |  0.8
Evocations     | |  0.6

Action                     || total
---------------------------++-------
  Melee: Falchion          ||    82
         Bite              ||    12
         Punch             ||     1
  Throw: Boomerang         ||     1
   Stab: Sleeping          ||     1
 Armour: Leather armour    ||    24
  Dodge: Dodged            ||    90

Table legend: (Time is in decaauts)
 A = Elapsed time spent in this place.
 B = Non-inter-level travel time spent in this place.
 C = Inter-level travel time spent in this place.
 D = Time resting spent in this place.
 E = Time spent auto-exploring this place.
 F = Levels seen in this place.
 G = Mean time per level.
                   A        B        C        D        E       F      G
               +--------+--------+--------+--------+--------+-----+--------+
         Total |    728 |    704 |     24 |      0 |    531 |   2 |  364.0 |
       Dungeon |    728 |    704 |     24 |      0 |    531 |   2 |  364.0 |
               +--------+--------+--------+--------+--------+-----+--------+

Top non-repeatable levels by time:
     D:1: 714 daAuts
     D:2: 13 daAuts
